 Dungeon Crawl Stone Soup version 0.31-a0-620-gd1cbd99268 (webtiles) character file.

Game seed: 1636475207090375296

36470 Shisa the Metamorph (level 13, -6/120 HPs)
             Began as a Troll Shapeshifter on Aug 21, 2023.
             Was a High Priest of Dithmenos.
             Mangled by a redback (11 damage)
             ... on level 3 of the Lair of Beasts on Aug 23, 2023.
             The game lasted 02:04:22 (17341 turns).

Shisa the Metamorph (Troll Shapeshifter)           Turns: 17341, Time: 02:04:23

Health: -6/120     AC: 11    Str: 36    XL:     13   Next: 53%
Magic:  12/12      EV: 12    Int:  4    God:    Dithmenos [*****.]
Gold:   626        SH:  0    Dex: 10    Spells: 12/12 levels left

rFire   . .          .
                       - Unarmed
rCold   . . .        (shield currently unavailable)
rNeg    . . .        R - +2 steam dragon scales
rPois   +            (helmet restricted)
rElec   .            x - +0 cloak
rCorr   .            (gloves unavailable)
SInv    .            (boots unavailable)
Will    .....        (no amulet)
Stlth   +            T - +6 ring of strength
HPRegen 1.20/turn    w - ring of poison resistance
MPRegen 0.13/turn

%: no passive effects
@: confused, flux-form, hasted, glowing, very quick
A: glow, contaminating, large, unfitting armour, claws 3, regeneration 1, shaggy
fur 1, tough skin 1
a: Begin Untransformation, Renounce Religion, Shadow Step, Shadow Form


You were on level 3 of the Lair of Beasts.
You worshipped Dithmenos.
Dithmenos was extremely pleased with you.
You were something dangerously unstable.
You visited 5 branches of the dungeon, and saw 19 of its levels.

You collected 796 gold pieces.
You spent 170 gold pieces at shops.

Inventory:

Hand Weapons
 e - a +6 broad axe
 L - a +2 morningstar of freezing
 N - a +3 dire flail of freezing
 Q - a +4 dagger of venom
Missiles
 g - 47 poisoned darts (quivered)
 W - 3 throwing nets
Armour
 q - a scarf of harm
 x - a +0 cloak (worn)
 P - a scarf of shadows
 R - +2 steam dragon scales (worn)
 X - a +2 pair of gloves
Magical Staves
 b - a staff of earth
Jewellery
 a - a ring of protection from cold
 w - a ring of poison resistance (right claw)
 D - a ring of flight
 O - a ring of wizardry
 T - a +6 ring of strength (left claw)
 Y - a ring of resist corrosion
Talismans
 c - a beast talisman
 d - a flux talisman (active)
Wands
 C - a wand of roots (12)
 E - a wand of flame (30)
 F - a wand of mindburst (16)
 H - a wand of light (12)
 S - a wand of charming (28)
 V - a wand of polymorph (10)
Scrolls
 h - a scroll of summoning
 j - a scroll of brand weapon
 k - 2 scrolls of amnesia
 m - 3 scrolls of teleportation
 p - 5 scrolls of noise
 v - 2 scrolls of fog
 y - a scroll of silence
 M - a scroll of immolation
Potions
 l - 2 potions of magic
 o - 2 potions of might
 r - 5 potions of degeneration
 s - 2 potions of enlightenment {unknown}
 u - 2 potions of resistance {unknown}
 z - 2 potions of berserk rage {unknown}
 A - 2 potions of mutation {unknown}
 B - 3 potions of curing {unknown}
 J - 4 potions of cancellation
 U - 2 potions of brilliance {unknown}


   Skills:
 - Level 6.0 Fighting
 - Level 5.8 Armour
 - Level 9.0 Dodging
 * Level 5.2 Stealth
 - Level 6.0 Unarmed Combat
 - Level 15.0 Shapeshifting


You had 12 spell levels left.
You didn't know any spells.
Your spell library contained the following spells:

 Spells                   Type           Power      Damage    Failure   Level
 Apportation              Tloc           0%         N/A       50%         1
 Kiss of Death            Conj/Necr      0%         2d5       50%         1
 Magic Dart               Conj           0%         1d3       50%         1
 Call Imp                 Summ           0%         N/A       65%         2
 Call Canine Familiar     Summ           0%         N/A       86%         3
 Confusing Touch          Hex            0%         N/A       86%         3
 Mephitic Cloud           Conj/Pois/Air  0%         N/A       86%         3
 Portal Projectile        Hex/Tloc       0%         N/A       86%         3
 Dispel Undead            Necr           0%         3d6       99%         4
 Leda's Liquefaction      Hex/Erth       0%         N/A       99%         4
 Alistair's Intoxication  Tmut/Pois      0%         N/A       100%        5
 Lee's Rapid Deconstruct  Erth           0%         3d4*      100%        5
 Summon Forest            Summ/Tloc      0%         N/A       100%        5
 Summon Mana Viper        Hex/Summ       0%         N/A       100%        5
 Leda's Unmaking          Conj/Erth      0%         9d1       100%        6
 Summon Cactus Giant      Summ           0%         N/A       100%        6


Dungeon Overview and Level Annotations

Branches:
Dungeon (12/15)            Temple (1/1) D:7            Lair (4/5) D:8
 Shoals (1/4) Lair:2       Spider (1/4) Lair:3
  Slime: Lair:4-5       Orc: D:9-12

Altars:
Ashenzari
Cheibriados
Dithmenos
Elyvilon
Fedhas
Gozag
Hepliaklqana
Kikubaaqudgha
Makhleb
Nemelex Xobeh
Okawaru
Qazlal
Ru
Sif Muna
Trog
Uskayaw
Vehumet
Wu Jian
Xom
Yredelemnul
Zin
The Shining One

Shops:
D:2 *   D:6 ?   D:8 !

Annotations:
D:9 Jeremiah


Innate Abilities, Weirdness & Mutations

You are something dangerously unstable.
You glow with magical radiation, making you easy to see and hit.
Foes you strike become dangerously contaminated with magical radiation.
You are incapable of wielding weapons or throwing items.
You are too large for most types of armour.
You have claws for hands.
Your natural rate of healing is unusually fast.
You are covered in fur. (AC +1)
You have tough skin. (AC +1)


Message History

You bump into the rock wall.
The redback bites you but does no damage.
The tarantella misses you. The redback bites you.
The jumping spider leaps!
You claw the redback!
The redback glows dangerously bright.
The redback is severely wounded.
The tarantella touches you.
You are more confused.
The redback closely misses you.
The tarantella touches you but does no damage.
You barely miss the redback.
The redback is severely wounded.
The redback barely misses you. The tarantella touches you!
The redback misses you.
You closely miss the redback.
The redback is severely wounded.
You feel less invigorated. The tarantella touches you!
* * * LOW HITPOINT WARNING * * *
The redback bites you.
* * * LOW HITPOINT WARNING * * *
The jumping spider leaps!
You bump into the rock wall.
The tarantella touches you.
* * * LOW HITPOINT WARNING * * *
The redback completely misses you. The tarantella touches you.
* * * LOW HITPOINT WARNING * * *
The redback bites you.
* * * LOW HITPOINT WARNING * * *
You completely miss the tarantella. The tarantella touches you!
* * * LOW HITPOINT WARNING * * *
You are more confused.
The redback bites you but does no damage.
You bump into the rock wall.
The tarantella touches you.
* * * LOW HITPOINT WARNING * * *
You are more confused.
The redback bites you.
* * * LOW HITPOINT WARNING * * *
The jumping spider leaps!
The tarantella touches you.
* * * LOW HITPOINT WARNING * * *
The redback bites you but does no damage.
You feel yourself speed up. The tarantella misses you. The redback bites you!
You die...

#.........####.....#
.[. ##.......##
#......# ..
###.#....####......# )#
..#########........#
###.
....####..####.....#
..# ..........# ###..##
##'## .#######..## ##.#
#8.8# .# #...# ##.#
#.######## ## #..##
#Bs######..#....#.
##...#
##s.....s°........
#...##
#s...............
##..##
##...........#####
#....## #..(..######.#
# #...P.#####...#.#
#...#
########............###
###.##
....................#
##..#
....................#
#..##


You could see a jumping spider, 2 tarantellas and a redback (contam).

Vanquished Creatures
  A radroach (Lair:3)
  3 two-headed ogres
  A tengu warrior (D:9)
  Urug (D:10)
  A sea snake (Shoals:1)
  7 harpies
  An ugly thing (D:12)
  A cyclops (Shoals:1)
  5 black mambas
  10 elephants
  Maurice (D:9)
  10 cane toads
  3 rime drakes
  2 komodo dragons
  A meliai (Lair:3)
  3 hornets
  Grinder (D:5)
  4 dream sheep
  A wind drake (Shoals:1)
  6 blink frogs
  2 snapping turtles (Shoals:1)
  A shadow (D:11)
  2 vampires (D:11)
  A wraith (D:11)
  7 wyverns
  2 water elementals
  36 yaks
  2 basilisks (Lair:2)
  2 steam dragons
  3 fire bats (Lair:3)
  2 redbacks (Lair:3)
  3 vampire mosquitoes (D:10)
  An acid dragon (D:8)
  8 water moccasins
  9 orc warriors
  2 black bears
  2 sky beasts
  7 ice beasts
  2 ogres (D:10)
  3 centaurs
  5 wolves
  6 bullfrogs
  3 kobold brigands
  Blork the orc (D:6)
  A gnoll sergeant (D:11)
  2 scorpions (D:5)
  10 wights
  8 killer bees
  6 howler monkeys
  3 electric eels (Lair:1)
  2 jellies (D:8)
  2 gnoll boudas
  A sleepcap (D:6)
  2 hounds
  6 orc priests
  2 hell rats (Lair:3)
  5 iguanas
  Terence (D:3)
  10 orc wizards
  18 gnolls
  A river rat (Lair:3)
  11 adders
  2 white imps
  2 worms (D:2)
  2 dart slugs (D:1)
  60 orcs
  3 endoplasms
  6 giant cockroaches
  8 goblins
  9 hobgoblins
  2 jackals (D:1)
  23 kobolds
  2 quokkas (D:1)
  7 ball pythons
  11 bats
  7 frilled lizards
  6 rats
416 creatures vanquished.

Vanquished Creatures (others)
  A harpy (Shoals:1)
  A polar bear (D:8)
  2 orc wizards (D:8)
4 creatures vanquished.

Grand Total: 420 creatures vanquished

Notes
Turn   | Place    | Note
-------+----------+-------------------------------------------
     0 | D:1      | Shisa the Troll Shapeshifter began the quest for the Orb.
     0 | D:1      | Reached XP level 1. HP: 18/18 MP: 0/0
    67 | D:1      | Noticed a floating eye
    68 | D:1      | Found a faded altar of an unknown god.
    75 | D:1      | Noticed a shining eye
    79 | D:1      | Noticed a golden eye
    79 | D:1      | Noticed a great orb of eyes
   139 | D:1      | Reached XP level 2. HP: 22/26 MP: 1/1
   716 | D:1      | You fall into a shaft and drop 1 floor!
   822 | D:2      | Reached XP level 3. HP: 32/32 MP: 2/2
  1386 | D:2      | Found Hadih's Assorted Antiques.
  1412 | D:2      | Reached XP level 4. HP: 40/40 MP: 3/3
  1797 | D:3      | Reached skill level 5 in Unarmed Combat
  1968 | D:3      | Reached XP level 5. HP: 46/46 MP: 4/4
  2059 | D:3      | Noticed Terence
  2065 | D:3      | Killed Terence
  2116 | D:3      | Found a radiant altar of Vehumet.
  2638 | D:4      | Reached skill level 1 in Fighting
  3102 | D:5      | Entered Level 5 of the Dungeon
  3112 | D:4      | Reached XP level 6. HP: 50/59 MP: 5/5
  3343 | D:5      | Noticed Grinder
  3359 | D:5      | Paralysed by Grinder for 3 turns
  3362 | D:5      | Killed Grinder
  3363 | D:5      | Reached XP level 7. HP: 38/71 MP: 6/6
  4111 | D:6      | Reached skill level 5 in Fighting
  4305 | D:6      | Reached XP level 8. HP: 70/83 MP: 7/7
  4427 | D:6      | Found Piceeb's Magic Scroll Boutique.
  4482 | D:6      | Reached skill level 4 in Shapeshifting
  4524 | D:6      | Noticed Blork the orc
  4562 | D:6      | Killed Blork the orc
  4844 | D:6      | Reached skill level 5 in Shapeshifting
  5026 | D:7      | Noticed a hornet
  5264 | D:7      | Reached skill level 6 in Shapeshifting
  5456 | D:7      | Killed a hornet
  5544 | D:7      | Found a broken altar of Ashenzari.
  5545 | D:7      | Found a shimmering blue altar of Sif Muna.
  5570 | D:7      | Found a staircase to the Ecumenical Temple.
  5584 | D:7      | Reached skill level 7 in Shapeshifting
  5584 | D:7      | Reached XP level 9. HP: 84/89 MP: 8/8
  5603 | Temple   | Entered the Ecumenical Temple
  5682 | Temple   | Became a worshipper of Dithmenos the Shadowed
  6266 | D:8      | Reached skill level 8 in Shapeshifting
  6573 | D:8      | Noticed a rime drake
  6588 | D:8      | Killed a rime drake
  6589 | D:8      | Reached skill level 9 in Shapeshifting
  6609 | D:8      | Found a staircase to the Lair.
  6635 | D:8      | Noticed a polar bear
  6697 | Lair:1   | Entered Level 1 of the Lair of Beasts
  6765 | Lair:1   | Noticed a komodo dragon
  6907 | D:9      | Reached * piety under Dithmenos
  7196 | D:9      | Found a stormy altar of Qazlal.
  7322 | D:8      | Paralysed by a hornet for 2 turns
  7329 | D:8      | Reached skill level 10 in Shapeshifting
  7329 | D:8      | Reached XP level 10. HP: 55/98 MP: 9/9
  7647 | D:8      | Reached skill level 1 in Stealth
  7911 | D:8      | Found Terakeptaosh's Distillery.
  8326 | D:6      | Bought a scroll of teleportation for 33 gold pieces
  8326 | D:6      | Bought a scroll of identify for 22 gold pieces
  8326 | D:6      | Bought a scroll of teleportation for 33 gold pieces
  8326 | D:6      | Bought a scroll of enchant armour for 82 gold pieces
  8430 | D:9      | Identified the +1 robe "Goinotuqo" {rN+}
  8544 | D:9      | Noticed Jeremiah
  8788 | D:9      | Noticed a tengu warrior
  8904 | D:9      | Killed a tengu warrior
  8906 | D:9      | Noticed a two-headed ogre
  9058 | Lair:1   | Upgraded the game from 0.31-a0-600-g62dffe198b to
                  | 0.31-a0-614-gc85dc1c48c
  9092 | Lair:1   | Reached skill level 5 in Dodging
  9113 | Lair:1   | Noticed a cane toad
  9136 | Lair:1   | Killed a cane toad
  9199 | Lair:1   | Reached XP level 11. HP: 72/105 MP: 10/10
  9277 | Lair:1   | Reached ** piety under Dithmenos
  9307 | Lair:1   | Reached skill level 11 in Shapeshifting
  9307 | Lair:1   | Upgraded the game from 0.31-a0-614-gc85dc1c48c to
                  | 0.31-a0-620-gd1cbd99268
 10682 | Lair:2   | Found a staircase to the Shoals.
 10760 | Lair:2   | Reached skill level 12 in Shapeshifting
 10840 | Lair:2   | Reached *** piety under Dithmenos
 11343 | Lair:3   | Reached XP level 12. HP: 73/114 MP: 11/11
 11420 | Lair:3   | Found a hole to the Spider Nest.
 11679 | Lair:3   | Reached skill level 13 in Shapeshifting
 12144 | Lair:3   | Reached skill level 14 in Shapeshifting
 12567 | Lair:3   | Found a runed translucent door.
 12810 | Lair:3   | Found the +8 whip "Snakebite" {venom, curare, rPois}
 12890 | Shoals:1 | Entered Level 1 of the Shoals
 12890 | Shoals:1 | Found the +3 giant club "Skullcrusher" {speed, Str+7}
 13666 | D:9      | Found a glowing silver altar of Zin.
 13674 | D:9      | Noticed a two-headed ogre
 13706 | D:9      | Killed a two-headed ogre
 13707 | D:9      | Reached skill level 15 in Shapeshifting
 13738 | D:9      | Killed a two-headed ogre
 13739 | D:9      | Reached skill level 1 in Armour
 13839 | D:10     | Entered Level 10 of the Dungeon
 13869 | D:9      | Reached **** piety under Dithmenos
 13936 | D:10     | Noticed Maurice
 14126 | D:9      | Killed Maurice
 14187 | D:10     | Reached XP level 13. HP: 74/111 MP: 12/12
 14234 | D:10     | Noticed Urug
 14258 | D:10     | Killed Urug
 14651 | D:10     | Reached ***** piety under Dithmenos
 14965 | D:11     | Reached skill level 5 in Armour
 16916 | Spider:1 | Entered Level 1 of the Spider Nest
 16930 | Lair:3   | Reached skill level 5 in Stealth
 17340 | Lair:3   | HP: 6/120 [tarantella (6)]
 17341 | Lair:3   | Mangled by a redback

Illustrated notes

Levels and vault maps discovered:
D:1:      dpeg_arrival_shelter, layout_loops_corners,
          hellmonk_ecumenical_altar_watching_god, minmay_cut_off
D:2:      layout_basic, serial_shops, nicolae_shop_dealshenge,
          kennysheep_another_room
D:3:      layout_loops_cross, mainiacjoe_overflow_brackets,
          serial_park_tiny_pond, uniq_terence
D:4:      layout_basic
D:5:      layout_layer_cave, chequers_decorated_corner, uniq_grinder
D:6:      layout_loops_ring, nicolae_take_the_stairs, uniq_blork_the_orc
D:7:      layout_basic, gammafunk_temple_overflow_statue,
          minmay_temple_entry_ruins
D:8:      layout_basic, hellmonk_lair_entry_icy, serial_shops,
          nicolae_shop_rolling_square
D:9:      layout_layer_cave, nicolae_qazlal_scattered_showers,
          mainiacjoe_overflow_concentric_impassable, orc_0_dummy,
          minmay_misc_feat_square, hellmonk_guarded_unrand_lears, uniq_jeremiah
D:10:     layout_rooms, special_room [special_room_orc], uniq_maurice, uniq_urug
D:11:     layout_basic
D:12:     layout_loops_ring, minmay_three_doors, uniq_fannar, uniq_rupert
Temple:   minmay_temple_bridge_d
Lair:1:   layout_misc_corridors, serial_bayou_shore_a, serial_bayou_shore_b,
          grunt_megastairs_2
Lair:2:   layout_small_grid, elwin_shoals_entry_rocks, lemuel_fruit_fields
Lair:3:   gammafunk_indiana_jones, layout_chaotic_city,
          hellmonk_spider_entry_not_the_bees, nicolae_volcano_entry_batcave
Lair:4:   dragon1_lemuel, layout_small_grid, nicolae_slime_entry_slimehenge,
          hellmonk_ghost_happy_afterlife, kennysheep_rathole
Shoals:1: layout_shoals
Spider:1: layout_spider_delve

Skill      XL: |  1  2  3  4  5  6  7  8  9 10 11 12 13 |
---------------+----------------------------------------+-----
Unarmed Combat | 4 5 6 |  6.0
Fighting       | 2 4 6 |  6.0
Shapeshifting  | 7 10 12 15 | 15.0
Stealth        | 3 5 |  5.2
Dodging        | 6 9 |  9.0
Armour         | 4 5 |  5.8

Action                     |  1- 3 |  4- 6 |  7- 9 | 10-12 | 13-15 || total
---------------------------+-------+-------+-------+-------+-------++-------
  Melee: Unarmed           |    94 |   101 |   259 |   732 |   314 ||  1500
         Punch             |     1 |     4 |     5 |       |       ||    10
  Throw: Dart              |       |     4 |       |       |       ||     4
  Evoke: Wand              |       |    13 |       |     6 |       ||    19
    Use: Scroll            |       |       |    14 |    12 |    10 ||    36
         Potion            |       |       |     1 |     1 |     6 ||     8
 Armour: Animal skin       |    51 |    35 |    67 |       |       ||   153
         Steam dragon scal |       |       |     2 |   306 |   122 ||   430
         Skin              |       |       |     2 |     2 |       ||     4
  Dodge: Dodged            |    57 |    45 |   109 |   471 |   214 ||   896
   Form: Flux              |       |       |     1 |       |       ||     1

Table legend: (Time is in decaauts)
 A = Elapsed time spent in this place.
 B = Non-inter-level travel time spent in this place.
 C = Inter-level travel time spent in this place.
 D = Time resting spent in this place.
 E = Time spent auto-exploring this place.
 F = Levels seen in this place.
 G = Mean time per level.
                   A        B        C        D        E       F      G
               +--------+--------+--------+--------+--------+-----+--------+
         Total |  17276 |  16482 |    794 |   2508 |   5068 |  19 |  909.3 |
       Dungeon |  11396 |  10946 |    450 |    988 |   3874 |  12 |  949.7 |
        Temple |    155 |     88 |     67 |      0 |      0 |   1 |  155.0 |
          Lair |   5205 |   4930 |    275 |   1370 |   1194 |   4 | 1301.2 |
        Shoals |    510 |    510 |      0 |    150 |      0 |   1 |  510.0 |
   Spider Nest |      9 |      9 |      0 |      0 |      0 |   1 |    9.0 |
               +--------+--------+--------+--------+--------+-----+--------+

Top non-repeatable levels by time:
  Lair:3: 1998 daAuts
     D:8: 1964 daAuts
  Lair:2: 1908 daAuts
     D:9: 1427 daAuts
  Lair:1: 1294 daAuts
     D:7: 1051 daAuts
     D:5: 1050 daAuts
     D:1: 995 daAuts
     D:6: 986 daAuts
    D:11: 896 daAuts
    D:10: 881 daAuts
     D:2: 788 daAuts
     D:3: 671 daAuts
     D:4: 634 daAuts
Shoals:1: 510 daAuts
